Rampage vs Moose

Created - May 31, 2023 at 20:39

Goals
1 2 3 T
Rampage 2 1 1 4
Moose 1 0 1 2
Shots
1 2 3 T
Rampage 5 7 12 24
Moose 11 6 14 31

1st period

1. Moose , Kyle Connor 35 (Tomas Jurco 30) at 4:25
2. Rampage , Emil Bemstrom 13 (Rourke Chartier 60, Dominik Simon 57) at 8:25
3. Rampage , Joachim Blichfeld 21 (Christian Dvorak 34) at 12:48

Penalties :
Mirco Mueller (Man) for High sticking (Minor) at 8:38, Christian Dvorak (San) for Hooking (Minor) at 13:54

2nd period

4. Rampage , Artturi Lehkonen 4 (Dylan Blujus 17, T.J. Tynan 31) at 13:31 (PP)

Penalties :
Dylan Strome (Man) for Holding (Minor) at 7:39, Erik Cernak (Man) for High sticking (Minor) at 12:57, Erik Cernak (Man) for Hooking (Minor) at 17:27

3rd period

5. Moose , Nathan Walker 28 (Tomas Jurco 31, Dylan Strome 74) at 0:44 (PP)
6. Rampage , Dominik Simon 46 (Rourke Chartier 61, Tim Erixon 7) at 17:00

Penalties :
Sami Niku (San) for Holding (Minor) at 0:27, Tomas Jurco (Man) for High sticking (Minor) at 1:28, Artturi Lehkonen (San) for Interference (Minor) at 8:49, Tim Erixon (San) for Holding Stick (Minor) at 18:03

Goalie Stats

Magnus Hellberg (San), 29 saves from 31 shots - (0.935), W, 10-7-2, 60:00 minutes
Filip Gustavsson (Man), 20 saves from 24 shots - (0.833), L, 17-16-4, 60:00 minutes

Players Stats for Rampage

Player Name              G  A  P  +/- PIM S  H  SB GA TA FO     MP     PP MP  PK MP  
------------------------------------------------------------------------------------
Adam Clendening          0  0  0   1  0   1  0  0  0  0  0/0    13:34   0:00   3:28 
Anthony Richard          0  0  0   0  0   0  0  1  2  0  3/8    13:04   0:05   2:33 
Artturi Lehkonen         1  0  1   0  2   3  1  0  0  0  0/1    12:29   4:03   1:26 
Christian Dvorak         0  1  1   1  2   0  1  1  1  0  0/3    17:12   4:03   0:58 
Dominik Simon            1  1  2   1  0   3  5  2  2  0  0/1    20:30   4:22   0:09 
Dylan Blujus             0  1  1   0  0   0  2  0  1  1  0/0    18:55   3:14   1:10 
Dylan Sikura             0  0  0   0  0   1  0  0  0  0  0/0    10:45   0:00   0:55 
Emil Bemstrom            1  0  1   1  0   4  2  0  0  1  0/0    16:48   0:05   0:00 
Ethan Bear               0  0  0   1  0   1  4  3  1  0  0/0    24:50   3:14   2:48 
Joachim Blichfeld        1  0  1   1  0   5  3  0  1  0  0/0    15:19   4:22   0:00 
Matt Roy                 0  0  0   1  0   0  2  2  1  0  0/0    15:29   0:00   2:55 
Pierre Engvall           0  0  0   0  0   0  1  3  0  0  0/0    13:18   0:05   2:43 
Pierre-Luc Dubois        0  0  0   0  0   0  1  0  0  0  0/0     7:06   0:00   0:00 
Rourke Chartier          0  2  2   1  0   3  0  2  0  0  18/32  20:30   4:22   0:09 
Sami Niku                0  0  0   1  2   2  0  0  1  0  0/0    23:52   5:16   0:00 
T.J. Tynan               0  1  1   1  0   1  0  0  0  0  11/18  19:20   4:03   3:29 
Tim Erixon               0  1  1   0  2   0  3  2  0  2  0/0    23:18   5:16   2:01 
Zach Stepan              0  0  0   0  0   0  0  0  2  0  0/0     7:26   0:00   0:00 

Players Stats for Moose

Player Name              G  A  P  +/- PIM S  H  SB GA TA FO     MP     PP MP  PK MP  
------------------------------------------------------------------------------------
Boris Katchouk           0  0  0  -1  0   2  0  0  0  0  0/0     8:23   0:00   0:00 
Chase De Leo             0  0  0  -1  0   3  3  1  0  1  6/7    14:55   2:50   1:54 
Dylan Strome             0  1  1   1  2   3  1  1  1  1  16/28  22:15   3:21   3:23 
Erik Cernak              0  0  0  -2  4   1  1  0  0  1  0/0    24:22   2:30   1:45 
Jake Leschyshyn          0  0  0  -1  0   1  0  0  0  1  1/3     9:23   0:00   0:36 
Josh Mahura              0  0  0   0  0   0  0  0  0  0  0/0     3:57   0:00   0:35 
Julien Gauthier          0  0  0  -1  0   0  1  1  0  0  0/0     8:23   0:00   0:00 
Kyle Connor              1  0  1   1  0   1  3  0  0  1  2/3    21:33   2:50   2:47 
Ludwig Bystrom           0  0  0   0  0   1  2  2  0  1  0/0    27:14   3:41   5:25 
Mathieu Joseph           0  0  0  -1  0   1  0  1  1  1  1/5    17:57   2:50   2:50 
Matthew Benning          0  0  0   0  0   2  0  0  1  0  0/0    13:31   0:00   2:12 
Michael McLeod           0  0  0  -1  0   3  0  1  1  0  3/14   10:59   0:00   0:00 
Mirco Mueller            0  0  0  -1  2   1  1  2  0  1  0/0    28:14   3:41   4:39 
Nathan Walker            1  0  1  -1  0   3  1  2  0  0  1/1    19:31   3:21   5:08 
Nikolay Goldobin         0  0  0  -1  0   5  2  0  0  0  0/0    10:20   0:00   0:22 
Roman Josi               0  0  0  -1  0   1  2  4  0  3  0/0    20:07   2:30   2:24 
Tomas Jurco              0  2  2   1  2   2  1  0  0  0  1/2    18:16   3:21   0:00 
Vinni Lettieri           0  0  0  -1  0   1  0  0  0  1  0/0    12:05   0:00   0:00 

3 Stars

1 - Dominik Simon (San)
2 - Joachim Blichfeld (San)
3 - Emil Bemstrom (San)

Power Play

Rampage - 1 on 5 Attempt(s) - 20.00%
Moose - 1 on 4 Attempt(s) - 25.00%

Penalty Kill

Rampage - 3 on 4 Attempt(s) - 75.00% - Score 0 goal in Penalty Kill
Moose - 4 on 5 Attempt(s) - 80.00% - Score 0 goal in Penalty Kill

Team Stat

Rampage - Hits : 25 - Faceoff Wins : 32 - Blocked Shots : 16 - Penalty Minutes : 8
Moose - Hits : 18 - Faceoff Wins : 31 - Blocked Shots : 15 - Penalty Minutes : 10

Official

Referees : Justin St. Pierre and Frederick L'Ecuyer
Linesman : Devin Berg and Scott Cherrey

Game Notes

Josh Mahura is injured at 11:57 of 1st period (Bruised Left Arm)
Joachim Blichfeld is injured at 14:10 of 3rd period (Back Spasms)
Pierre Engvall is injured at 17:19 of 3rd period (Bruised Right Leg)

Finance

Level 1 -- Attendance: 1954 (97.70%) -- Ticket Income $68,390
Level 2 -- Attendance: 1000 (100.00%) -- Ticket Income $15,000
Total Attendance: 2954 (98.47%)
Total Ticket Income: $83,390
Other Income: $4,170
Total Income: $87,560

Rampage

5 vs 5 Forward 
   Center                   Left Wing                Right Wing               Time % Phy DF OF 
 1 Rourke Chartier          Dominik Simon            Emil Bemstrom            40     1   2  2  
 2 T.J. Tynan               Christian Dvorak         Joachim Blichfeld        30     1   2  2  
 3 Anthony Richard          Pierre Engvall           Dylan Sikura             20     1   2  2  
 4 Zach Stepan              Pierre-Luc Dubois        Artturi Lehkonen         10     1   2  2  

5 vs 5 Defense 
   Defense                  Defense                                           Time % Phy DF OF 
 1 Sami Niku                Ethan Bear                                        40     1   2  2  
 2 Dylan Blujus             Tim Erixon                                        30     1   2  2  
 3 Adam Clendening          Matt Roy                                          20     1   2  2  
 4 Matt Roy                 Tim Erixon                                        10     1   2  2  

PowerPlay Forward 
   Center                   Left Wing                Right Wing               Time % Phy DF OF 
 1 Rourke Chartier          Dominik Simon            Joachim Blichfeld        60     1   2  2  
 2 T.J. Tynan               Christian Dvorak         Artturi Lehkonen         40     1   2  2  

PowerPlay Defense
   Defense                  Defense                                           Time % Phy DF OF 
 1 Sami Niku                Tim Erixon                                        60     1   2  2  
 2 Ethan Bear               Dylan Blujus                                      40     1   2  2  

Penalty Kill 4 Players Forward 
   Center                   Wing                     Time % Phy DF OF 
 1 T.J. Tynan               Pierre Engvall           60     1   2  2  
 2 Anthony Richard          Dylan Sikura             40     1   2  2  

Penalty Kill 4 Players Defense
   Defense                  Defense                  Time % Phy DF OF 
 1 Ethan Bear               Adam Clendening          60     1   2  2  
 2 Matt Roy                 Tim Erixon               40     1   2  2  

Penalty Kill - 3 Players Forward 
   Forward                                           Time % Phy DF OF 
 1 Anthony Richard                                   60     1   2  2  
 2 Joachim Blichfeld                                 40     1   2  2  

Penalty Kill - 3 Players Defense
   Defense                  Defense                  Time % Phy DF OF 
 1 Adam Clendening          Ethan Bear               60     1   2  2  
 2 Matt Roy                 Tim Erixon               40     1   2  2  

4 vs 4 Forward 
   Center                   Wing                     Time % Phy DF OF 
 1 T.J. Tynan               Pierre Engvall           60     1   2  2  
 2 Zach Stepan              Christian Dvorak         40     1   2  2  

4 vs 4 Defense
   Defense                  Defense                  Time % Phy DF OF 
 1 Matt Roy                 Ethan Bear               60     1   2  2  
 2 Dylan Blujus             Sami Niku                40     1   2  2  

Last Minutes Offensive
   Center                   Left Wing                Right Wing               Defense                  Defense                  
   Rourke Chartier          Dominik Simon            Joachim Blichfeld        Sami Niku                Tim Erixon               

Last Minutes Defensive
   Center                   Left Wing                Right Wing               Defense                  Defense                  
   T.J. Tynan               Pierre Engvall           Dylan Sikura             Adam Clendening          Tim Erixon               

Goaltenders
Starting : Magnus Hellberg          
Backup : Jake Oettinger           

Extra Forwards
Normal : Pierre Engvall, Joachim Blichfeld, Zach Stepan - PP : T.J. Tynan, Rourke Chartier - PK : T.J. Tynan
Extra Defensemen
Normal : Tim Erixon, Ethan Bear, Sami Niku - PP : Matt Roy - PK : Dylan Blujus, Matt Roy
Penalty Shots
Artturi Lehkonen, Rourke Chartier, Anthony Richard, Joachim Blichfeld, Christian Dvorak

Scratches
Travis Sanheim (Back Spasms Injury), Jordan Kyrou (Healthy), Frederic Allard (Healthy), Trent Frederic (Healthy), Emil Larmi (Healthy)

Moose

5 vs 5 Forward 
   Center                   Left Wing                Right Wing               Time % Phy DF OF 
 1 Dylan Strome             Kyle Connor              Tomas Jurco              40     1   2  2  
 2 Michael McLeod           Nathan Walker            Mathieu Joseph           30     1   2  2  
 3 Chase De Leo             Nikolay Goldobin         Vinni Lettieri           20     1   2  2  
 4 Jake Leschyshyn          Boris Katchouk           Julien Gauthier          10     1   2  2  

5 vs 5 Defense 
   Defense                  Defense                                           Time % Phy DF OF 
 1 Mirco Mueller            Erik Cernak                                       40     1   2  2  
 2 Roman Josi               Ludwig Bystrom                                    30     1   2  2  
 3 Matthew Benning          Josh Mahura                                       20     1   2  2  
 4 Mirco Mueller            Ludwig Bystrom                                    10     1   2  2  

PowerPlay Forward 
   Center                   Left Wing                Right Wing               Time % Phy DF OF 
 1 Dylan Strome             Nathan Walker            Tomas Jurco              60     1   2  2  
 2 Chase De Leo             Kyle Connor              Mathieu Joseph           40     1   2  2  

PowerPlay Defense
   Defense                  Defense                                           Time % Phy DF OF 
 1 Mirco Mueller            Ludwig Bystrom                                    60     1   2  2  
 2 Roman Josi               Josh Mahura                                       40     1   2  2  

Penalty Kill 4 Players Forward 
   Center                   Wing                     Time % Phy DF OF 
 1 Dylan Strome             Nathan Walker            60     1   2  2  
 2 Chase De Leo             Kyle Connor              40     1   2  2  

Penalty Kill 4 Players Defense
   Defense                  Defense                  Time % Phy DF OF 
 1 Mirco Mueller            Ludwig Bystrom           60     1   2  2  
 2 Roman Josi               Erik Cernak              40     1   2  2  

Penalty Kill - 3 Players Forward 
   Forward                                           Time % Phy DF OF 
 1 Dylan Strome                                      60     1   2  2  
 2 Chase De Leo                                      40     1   2  2  

Penalty Kill - 3 Players Defense
   Defense                  Defense                  Time % Phy DF OF 
 1 Mirco Mueller            Ludwig Bystrom           60     1   2  2  
 2 Roman Josi               Erik Cernak              40     1   2  2  

4 vs 4 Forward 
   Center                   Wing                     Time % Phy DF OF 
 1 Dylan Strome             Nathan Walker            60     1   2  2  
 2 Chase De Leo             Kyle Connor              40     1   2  2  

4 vs 4 Defense
   Defense                  Defense                  Time % Phy DF OF 
 1 Mirco Mueller            Ludwig Bystrom           60     1   2  2  
 2 Roman Josi               Erik Cernak              40     1   2  2  

Last Minutes Offensive
   Center                   Left Wing                Right Wing               Defense                  Defense                  
   Dylan Strome             Kyle Connor              Mathieu Joseph           Mirco Mueller            Ludwig Bystrom           

Last Minutes Defensive
   Center                   Left Wing                Right Wing               Defense                  Defense                  
   Dylan Strome             Kyle Connor              Mathieu Joseph           Mirco Mueller            Erik Cernak              

Goaltenders
Starting : Filip Gustavsson         
Backup : Brandon Halverson        

Extra Forwards
Normal : Mathieu Joseph, Dylan Strome, Chase De Leo - PP : Mathieu Joseph, Dylan Strome - PK : Mathieu Joseph
Extra Defensemen
Normal : Erik Cernak, Matthew Benning, Josh Mahura - PP : Erik Cernak - PK : Matthew Benning, Josh Mahura
Penalty Shots
Tomas Jurco, Nathan Walker, Kyle Connor, Nikolay Goldobin, Mathieu Joseph

Scratches
Anders Bjork (Healthy), Juuso Valimaki (Healthy), Lane MacDermid (Healthy), Urho Vaakanainen (Healthy), Mitchell Stephens (Healthy)
Nelson Nogier (Healthy), Nick Merkley (Healthy), Jonathan Kovacevic (Healthy), Max Jones (Healthy), Nathan Bastian (Healthy)
William Bitten (Healthy), Kieffer Bellows (Healthy), Tim Gettinger (Healthy), Joey Daccord (Healthy), Karel Vejmelka (Healthy)
Daniel Vladar (Healthy)

% Time on Ice - Rampage

Lines # - Real PCT - Wanted PCT - Time Play
Normal Forward
1 - 37% - 40% - 16:35
2 - 26% - 30% - 11:48
3 - 22% - 20% - 9:50
4 - 16% - 10% - 7:06
Normal Defense
1 - 42% - 40% - 18:55
2 - 31% - 30% - 13:54
3 - 20% - 20% - 8:59
4 - 8% - 10% - 3:31
PP Forward
1 - 52% - 60% - 4:27
2 - 48% - 40% - 4:03
PP Defense
1 - 62% - 60% - 5:16
2 - 38% - 40% - 3:14
PK Forward
1 - 85% - 60% - 5:16
2 - 15% - 40% - 0:55
PK Defense
1 - 49% - 60% - 3:03
2 - 51% - 40% - 3:08
PK3 Forward
1 - 0% - 60%
2 - 0% - 40%
PK3 Defense
1 - 0% - 60%
2 - 0% - 40%
44 Forward
1 - 0% - 60%
2 - 0% - 40%
44 Defense
1 - 0% - 60%
2 - 0% - 40%
Last Minute Offensive  - 0:00
Last Minute Defensive  - 0:00
Total
Forward - 60:00
Defense - 60:00

% Time on Ice - Moose

Lines # - Real PCT - Wanted PCT - Time Play
Normal Forward
1 - 35% - 40% - 15:57
2 - 24% - 30% - 11:01
3 - 22% - 20% - 9:58
4 - 18% - 10% - 8:23
Normal Defense
1 - 38% - 40% - 17:13
2 - 30% - 30% - 13:42
3 - 28% - 20% - 12:42
4 - 4% - 10% - 1:42
PP Forward
1 - 54% - 60% - 3:21
2 - 46% - 40% - 2:50
PP Defense
1 - 60% - 60% - 3:41
2 - 40% - 40% - 2:30
PK Forward
1 - 78% - 60% - 6:36
2 - 22% - 40% - 1:54
PK Defense
1 - 63% - 60% - 5:19
2 - 37% - 40% - 3:11
PK3 Forward
1 - 0% - 60%
2 - 0% - 40%
PK3 Defense
1 - 0% - 60%
2 - 0% - 40%
44 Forward
1 - 0% - 60%
2 - 0% - 40%
44 Defense
1 - 0% - 60%
2 - 0% - 40%
Last Minute Offensive  - 0:00
Last Minute Defensive  - 0:00
Total
Forward - 60:00
Defense - 60:00

Play-by-Play

1st period


0:01 of 1st period - Rourke Chartier wins face-off versus Dylan Strome in neutral zone.
0:04 of 1st period - Mirco Mueller is hit by Dominik Simon and loses puck.
0:22 of 1st period - Icing by Rourke Chartier.
0:23 of 1st period - Michael McLeod wins face-off versus Christian Dvorak in Rampage zone.
0:32 of 1st period - Snap shot by Michael McLeod.
0:32 of 1st period - Stopped by Magnus Hellberg without a rebound.
0:33 of 1st period - Chase De Leo wins face-off versus Anthony Richard in Rampage zone.
1:26 of 1st period - Off-side.
1:27 of 1st period - T.J. Tynan wins face-off versus Michael McLeod in neutral zone.
1:34 of 1st period - Off-side.
1:35 of 1st period - T.J. Tynan wins face-off versus Michael McLeod in neutral zone.
1:44 of 1st period - Snap shot by Mathieu Joseph.
1:44 of 1st period - Shot Blocked by Tim Erixon.
1:46 of 1st period - Snap shot by Nathan Walker.
1:46 of 1st period - Deflect By Michael McLeod.
1:46 of 1st period - Stopped by Magnus Hellberg with a rebound.
1:48 of 1st period - Slapshot by Mirco Mueller.
1:48 of 1st period - Shot Blocked by Matt Roy.
3:01 of 1st period - Icing by Ethan Bear.
3:02 of 1st period - T.J. Tynan wins face-off versus Michael McLeod in Rampage zone.
4:11 of 1st period - Snap shot by Dylan Sikura.
4:11 of 1st period - Shot Misses the Net.
4:21 of 1st period - Backhand shot by Boris Katchouk.
4:21 of 1st period - Stopped by Magnus Hellberg without a rebound.
4:22 of 1st period - Kyle Connor wins face-off versus Rourke Chartier in Rampage zone.
4:23 of 1st period - Snap shot by Tomas Jurco.
4:23 of 1st period - Shot Misses the Net.
4:25 of 1st period - Snap shot by Tomas Jurco.
4:25 of 1st period - Deflect By Kyle Connor.
4:25 of 1st period - Goal by Kyle Connor - Rampage : 0 - Moose : 1.
4:26 of 1st period - Rourke Chartier wins face-off versus Dylan Strome in neutral zone.
4:29 of 1st period - Slapshot by Dominik Simon.
4:29 of 1st period - Stopped by Filip Gustavsson without a rebound.
4:30 of 1st period - Dylan Strome wins face-off versus Rourke Chartier in Moose zone.
5:23 of 1st period - Snap shot by Julien Gauthier.
5:23 of 1st period - Shot Misses the Net.
5:25 of 1st period - Snap shot by Jake Leschyshyn.
5:25 of 1st period - Stopped by Magnus Hellberg with a rebound.
5:27 of 1st period - Slapshot by Matthew Benning.
5:27 of 1st period - Stopped by Magnus Hellberg with a rebound.
5:29 of 1st period - Snap shot by Matthew Benning.
5:29 of 1st period - Shot Misses the Net.
6:30 of 1st period - Off-side.
6:31 of 1st period - Michael McLeod wins face-off versus Anthony Richard in neutral zone.
6:36 of 1st period - Wrist shot by Nathan Walker.
6:36 of 1st period - Stopped by Magnus Hellberg without a rebound.
6:37 of 1st period - Anthony Richard wins face-off versus Michael McLeod in Rampage zone.
7:02 of 1st period - Kyle Connor is hit by Emil Bemstrom and loses puck.
7:09 of 1st period - Snap shot by Rourke Chartier.
7:09 of 1st period - Stopped by Filip Gustavsson with a rebound.
7:31 of 1st period - Snap shot by Nikolay Goldobin.
7:31 of 1st period - Stopped by Magnus Hellberg with a rebound.
7:33 of 1st period - Slapshot by Matthew Benning.
7:33 of 1st period - Shot Misses the Net.
8:08 of 1st period - Mirco Mueller is hit by Pierre-Luc Dubois and loses puck.
8:25 of 1st period - Wrist shot by Emil Bemstrom.
8:25 of 1st period - Goal by Emil Bemstrom - Rampage : 1 - Moose : 1.
8:26 of 1st period - Dylan Strome wins face-off versus Rourke Chartier in neutral zone.
8:38 of 1st period - Minor Penalty to Mirco Mueller for High sticking.
8:39 of 1st period - Dylan Strome wins face-off versus Rourke Chartier in Moose zone.
10:38 of 1st period - Penalty to Mirco Mueller is over, Mirco Mueller is back on ice.
10:56 of 1st period - Wrist shot by Kyle Connor.
10:56 of 1st period - Shot Blocked by Ethan Bear.
11:50 of 1st period - Snap shot by Boris Katchouk.
11:50 of 1st period - Shot Misses the Net.
11:56 of 1st period - Josh Mahura is hit by Dominik Simon and loses puck.
11:57 of 1st period - Josh Mahura from Moose is injured at 11:57 of 1st period (Bruised Left Arm).
11:58 of 1st period - Rourke Chartier wins face-off versus Michael McLeod in Moose zone.
12:03 of 1st period - Wrist shot by Dominik Simon.
12:03 of 1st period - Shot Blocked by Mirco Mueller.
12:11 of 1st period - Wrist shot by Emil Bemstrom.
12:11 of 1st period - Shot Blocked by Mathieu Joseph.
12:13 of 1st period - Wrist shot by Sami Niku.
12:13 of 1st period - Stopped by Filip Gustavsson without a rebound.
12:14 of 1st period - Dylan Strome wins face-off versus T.J. Tynan in Moose zone.
12:21 of 1st period - Slapshot by T.J. Tynan.
12:21 of 1st period - Shot Hit the Post.
12:48 of 1st period - Wrist shot by Joachim Blichfeld.
12:48 of 1st period - Goal by Joachim Blichfeld - Rampage : 2 - Moose : 1.
12:49 of 1st period - Dylan Strome wins face-off versus Rourke Chartier in neutral zone.
13:03 of 1st period - Backhand shot by Dylan Strome.
13:03 of 1st period - Stopped by Magnus Hellberg without a rebound.
13:04 of 1st period - T.J. Tynan wins face-off versus Michael McLeod in Rampage zone.
13:17 of 1st period - Wrist shot by Michael McLeod.
13:17 of 1st period - Deflect By Nathan Walker.
13:17 of 1st period - Shot Blocked by Christian Dvorak.
13:17 of 1st period - Puck is out of play.
13:18 of 1st period - Kyle Connor wins face-off versus Rourke Chartier in Rampage zone.
13:21 of 1st period - Wrist shot by Dylan Strome.
13:21 of 1st period - Stopped by Magnus Hellberg without a rebound.
13:22 of 1st period - Dylan Strome wins face-off versus Rourke Chartier in Rampage zone.
13:54 of 1st period - Minor Penalty to Christian Dvorak for Hooking.
13:55 of 1st period - T.J. Tynan wins face-off versus Dylan Strome in Rampage zone.
14:44 of 1st period - Icing by Roman Josi.
14:45 of 1st period - T.J. Tynan wins face-off versus Chase De Leo in Moose zone.
15:54 of 1st period - Penalty to Christian Dvorak is over, Christian Dvorak is back on ice.
16:28 of 1st period - Dylan Blujus is hit by Chase De Leo.
16:51 of 1st period - Matt Roy is hit by Kyle Connor and loses puck.
17:08 of 1st period - Snap shot by Julien Gauthier.
17:08 of 1st period - Shot Misses the Net.
17:10 of 1st period - Slapshot by Matthew Benning.
17:10 of 1st period - Shot Blocked by Rourke Chartier.
17:12 of 1st period - Slapshot by Matthew Benning.
17:12 of 1st period - Stopped by Magnus Hellberg with a rebound.
18:25 of 1st period - Dylan Blujus is hit by Julien Gauthier and loses puck.
18:59 of 1st period - Chase De Leo is hit by Tim Erixon and loses puck.
Goals for this period are 2 for Rampage vs 1 for Moose.
Shots for this period are 5 for Rampage vs 11 for Moose.

2nd period


0:01 of 2nd period - Dylan Strome wins face-off versus Rourke Chartier in neutral zone.
0:26 of 2nd period - Erik Cernak is hit by Joachim Blichfeld and loses puck.
0:52 of 2nd period - Off-side.
0:53 of 2nd period - Anthony Richard wins face-off versus Jake Leschyshyn in neutral zone.
1:20 of 2nd period - Snap shot by Julien Gauthier.
1:20 of 2nd period - Shot Misses the Net.
1:22 of 2nd period - Slapshot by Jake Leschyshyn.
1:22 of 2nd period - Shot Blocked by Tim Erixon.
1:34 of 2nd period - Snap shot by Dylan Sikura.
1:34 of 2nd period - Shot Blocked by Roman Josi.
1:45 of 2nd period - Anthony Richard is hit by Roman Josi and loses puck.
1:59 of 2nd period - Dylan Sikura is hit by Ludwig Bystrom.
2:03 of 2nd period - Slapshot by Dylan Sikura.
2:03 of 2nd period - Shot Misses the Net.
2:15 of 2nd period - Slapshot by Ludwig Bystrom.
2:15 of 2nd period - Stopped by Magnus Hellberg without a rebound.
2:16 of 2nd period - Dylan Strome wins face-off versus Rourke Chartier in Rampage zone.
2:25 of 2nd period - Snap shot by Dylan Strome.
2:25 of 2nd period - Shot Blocked by Dominik Simon.
3:05 of 2nd period - Chase De Leo is hit by Artturi Lehkonen and loses puck.
3:27 of 2nd period - Dylan Blujus is hit by Ludwig Bystrom and loses puck.
3:36 of 2nd period - Dylan Strome is hit by Dylan Blujus and loses puck.
4:40 of 2nd period - Tomas Jurco is hit by Pierre Engvall and loses puck.
5:51 of 2nd period - Sami Niku is hit by Erik Cernak and loses puck.
6:52 of 2nd period - Roman Josi is hit by Matt Roy and loses puck.
6:57 of 2nd period - Wrist shot by Artturi Lehkonen.
6:57 of 2nd period - Shot Blocked by Roman Josi.
7:07 of 2nd period - Dylan Strome is hit by Tim Erixon and loses puck.
7:24 of 2nd period - Kyle Connor is hit by Ethan Bear and loses puck.
7:39 of 2nd period - Minor Penalty to Dylan Strome for Holding.
7:40 of 2nd period - Rourke Chartier wins face-off versus Mathieu Joseph in Moose zone.
8:11 of 2nd period - Snap shot by Artturi Lehkonen.
8:11 of 2nd period - Shot Blocked by Nathan Walker.
8:13 of 2nd period - Snap shot by Artturi Lehkonen.
8:13 of 2nd period - Shot Misses the Net.
8:15 of 2nd period - Snap shot by Artturi Lehkonen.
8:15 of 2nd period - Deflect By T.J. Tynan.
8:15 of 2nd period - Shot Misses the Net.
8:15 of 2nd period - Puck is out of play.
8:16 of 2nd period - Jake Leschyshyn wins face-off versus Rourke Chartier in Moose zone.
8:32 of 2nd period - Icing by Ethan Bear.
8:33 of 2nd period - T.J. Tynan wins face-off versus Mathieu Joseph in Rampage zone.
8:39 of 2nd period - Off-side.
8:40 of 2nd period - Mathieu Joseph wins face-off versus Christian Dvorak in neutral zone.
8:51 of 2nd period - Snap shot by Nathan Walker.
8:51 of 2nd period - Shot Misses the Net.
8:53 of 2nd period - Wrist shot by Nathan Walker.
8:53 of 2nd period - Stopped by Magnus Hellberg without a rebound.
8:54 of 2nd period - Rourke Chartier wins face-off versus Mathieu Joseph in Rampage zone.
9:23 of 2nd period - Snap shot by Artturi Lehkonen.
9:23 of 2nd period - Stopped by Filip Gustavsson with a rebound.
9:29 of 2nd period - Wrist shot by T.J. Tynan.
9:29 of 2nd period - Shot Misses the Net.
9:39 of 2nd period - Penalty to Dylan Strome is over, Dylan Strome is back on ice.
9:51 of 2nd period - Slapshot by Ethan Bear.
9:51 of 2nd period - Stopped by Filip Gustavsson with a rebound.
10:31 of 2nd period - Snap shot by Boris Katchouk.
10:31 of 2nd period - Stopped by Magnus Hellberg with a rebound.
10:47 of 2nd period - Wrist shot by T.J. Tynan.
10:47 of 2nd period - Shot Misses the Net.
11:05 of 2nd period - Dylan Sikura is hit by Chase De Leo.
11:11 of 2nd period - Slapshot by Nikolay Goldobin.
11:11 of 2nd period - Shot Blocked by Anthony Richard.
11:13 of 2nd period - Backhand shot by Matthew Benning.
11:13 of 2nd period - Shot Blocked by Pierre Engvall.
11:15 of 2nd period - Wrist shot by Nikolay Goldobin.
11:15 of 2nd period - Deflect By Chase De Leo.
11:15 of 2nd period - Stopped by Magnus Hellberg without a rebound.
11:16 of 2nd period - Rourke Chartier wins face-off versus Michael McLeod in Rampage zone.
11:23 of 2nd period - Snap shot by Emil Bemstrom.
11:23 of 2nd period - Shot Blocked by Nathan Walker.
12:11 of 2nd period - Slapshot by Anthony Richard.
12:11 of 2nd period - Deflect By Dylan Sikura.
12:11 of 2nd period - Stopped by Filip Gustavsson with a rebound.
12:13 of 2nd period - Snap shot by Anthony Richard.
12:13 of 2nd period - Shot Misses the Net.
12:15 of 2nd period - Slapshot by Sami Niku.
12:15 of 2nd period - Shot Blocked by Roman Josi.
12:17 of 2nd period - Snap shot by Sami Niku.
12:17 of 2nd period - Deflect By Anthony Richard.
12:17 of 2nd period - Shot Misses the Net.
12:17 of 2nd period - Puck is out of play.
12:18 of 2nd period - Rourke Chartier wins face-off versus Mathieu Joseph in Moose zone.
12:19 of 2nd period - Slapshot by Emil Bemstrom.
12:19 of 2nd period - Stopped by Filip Gustavsson without a rebound.
12:20 of 2nd period - Rourke Chartier wins face-off versus Michael McLeod in Moose zone.
12:57 of 2nd period - Minor Penalty to Erik Cernak for High sticking.
12:58 of 2nd period - Dylan Strome wins face-off versus Rourke Chartier in Moose zone.
13:31 of 2nd period - Snap shot by Artturi Lehkonen.
13:31 of 2nd period - Goal by Artturi Lehkonen - Rampage : 3 - Moose : 1.
13:32 of 2nd period - Rourke Chartier wins face-off versus Kyle Connor in neutral zone.
13:35 of 2nd period - Kyle Connor is hit by Dominik Simon and loses puck.
13:40 of 2nd period - Slapshot by Rourke Chartier.
13:40 of 2nd period - Shot Blocked by Mirco Mueller.
13:42 of 2nd period - Snap shot by Emil Bemstrom.
13:42 of 2nd period - Shot Blocked by Dylan Strome.
15:16 of 2nd period - Wrist shot by Pierre-Luc Dubois.
15:16 of 2nd period - Shot Blocked by Julien Gauthier.
15:18 of 2nd period - Wrist shot by Matt Roy.
15:18 of 2nd period - Deflect By Artturi Lehkonen.
15:18 of 2nd period - Stopped by Filip Gustavsson without a rebound.
15:19 of 2nd period - Dylan Strome wins face-off versus Christian Dvorak in Moose zone.
15:19 of 2nd period - Dylan Strome is hit by Joachim Blichfeld.
15:31 of 2nd period - Slapshot by Joachim Blichfeld.
15:31 of 2nd period - Shot Blocked by Roman Josi.
15:58 of 2nd period - Snap shot by Michael McLeod.
15:58 of 2nd period - Shot Blocked by Rourke Chartier.
16:16 of 2nd period - Slapshot by Nikolay Goldobin.
16:16 of 2nd period - Shot Blocked by Matt Roy.
16:58 of 2nd period - Snap shot by Dylan Strome.
16:58 of 2nd period - Shot Misses the Net.
17:00 of 2nd period - Slapshot by Tomas Jurco.
17:00 of 2nd period - Stopped by Magnus Hellberg with a rebound.
17:02 of 2nd period - Slapshot by Roman Josi.
17:02 of 2nd period - Stopped by Magnus Hellberg with a rebound.
17:04 of 2nd period - Slapshot by Roman Josi.
17:04 of 2nd period - Deflect By Kyle Connor.
17:04 of 2nd period - Shot Misses the Net.
17:04 of 2nd period - Puck is out of play.
17:05 of 2nd period - Rourke Chartier wins face-off versus Michael McLeod in Rampage zone.
17:27 of 2nd period - Minor Penalty to Erik Cernak for Hooking.
17:28 of 2nd period - Rourke Chartier wins face-off versus Dylan Strome in Moose zone.
17:41 of 2nd period - Snap shot by Dominik Simon.
17:41 of 2nd period - Stopped by Filip Gustavsson with a rebound.
18:17 of 2nd period - Kyle Connor is hit by Ethan Bear and loses puck.
18:34 of 2nd period - Dylan Strome is hit by Dylan Blujus.
18:50 of 2nd period - Dominik Simon is hit by Kyle Connor and loses puck.
19:27 of 2nd period - Penalty to Erik Cernak is over, Erik Cernak is back on ice.
Goals for this period are 1 for Rampage vs 0 for Moose.
Shots for this period are 7 for Rampage vs 6 for Moose.

3rd period


0:01 of 3rd period - Rourke Chartier wins face-off versus Dylan Strome in neutral zone.
0:06 of 3rd period - Wrist shot by Rourke Chartier.
0:06 of 3rd period - Stopped by Filip Gustavsson with a rebound.
0:09 of 3rd period - Icing by Tomas Jurco.
0:10 of 3rd period - Dylan Strome wins face-off versus Dominik Simon in Moose zone.
0:10 of 3rd period - Mirco Mueller is hit by Dominik Simon and loses puck.
0:17 of 3rd period - Wrist shot by Tomas Jurco.
0:17 of 3rd period - Shot Blocked by Ethan Bear.
0:19 of 3rd period - Slapshot by Erik Cernak.
0:19 of 3rd period - Shot Blocked by Ethan Bear.
0:21 of 3rd period - Slapshot by Erik Cernak.
0:21 of 3rd period - Shot Blocked by Dominik Simon.
0:23 of 3rd period - Wrist shot by Erik Cernak.
0:23 of 3rd period - Stopped by Magnus Hellberg without a rebound.
0:24 of 3rd period - Rourke Chartier wins face-off versus Michael McLeod in Rampage zone.
0:24 of 3rd period - Rourke Chartier is hit by Nathan Walker.
0:27 of 3rd period - Minor Penalty to Sami Niku for Holding.
0:28 of 3rd period - Dylan Strome wins face-off versus T.J. Tynan in Rampage zone.
0:44 of 3rd period - Snap shot by Nathan Walker.
0:44 of 3rd period - Goal by Nathan Walker - Rampage : 3 - Moose : 2.
0:45 of 3rd period - Dylan Strome wins face-off versus Rourke Chartier in neutral zone.
0:50 of 3rd period - Wrist shot by Dylan Strome.
0:50 of 3rd period - Shot Misses the Net.
1:10 of 3rd period - Ethan Bear is hit by Mirco Mueller and loses puck.
1:19 of 3rd period - Snap shot by Michael McLeod.
1:19 of 3rd period - Stopped by Magnus Hellberg without a rebound.
1:20 of 3rd period - Rourke Chartier wins face-off versus Dylan Strome in Rampage zone.
1:28 of 3rd period - Minor Penalty to Tomas Jurco for High sticking.
1:29 of 3rd period - Rourke Chartier wins face-off versus Dylan Strome in Moose zone.
1:31 of 3rd period - Snap shot by Joachim Blichfeld.
1:31 of 3rd period - Stopped by Filip Gustavsson with a rebound.
1:33 of 3rd period - Slapshot by Rourke Chartier.
1:33 of 3rd period - Stopped by Filip Gustavsson with a rebound.
1:41 of 3rd period - Slapshot by Joachim Blichfeld.
1:41 of 3rd period - Stopped by Filip Gustavsson with a rebound.
1:43 of 3rd period - Wrist shot by Sami Niku.
1:43 of 3rd period - Stopped by Filip Gustavsson with a rebound.
1:45 of 3rd period - Snap shot by Sami Niku.
1:45 of 3rd period - Shot Blocked by Ludwig Bystrom.
3:28 of 3rd period - Penalty to Tomas Jurco is over, Tomas Jurco is back on ice.
4:06 of 3rd period - Jake Leschyshyn is hit by Emil Bemstrom and loses puck.
4:35 of 3rd period - Snap shot by Mathieu Joseph.
4:35 of 3rd period - Stopped by Magnus Hellberg without a rebound.
4:36 of 3rd period - Dylan Strome wins face-off versus Artturi Lehkonen in Rampage zone.
4:37 of 3rd period - Slapshot by Tomas Jurco.
4:37 of 3rd period - Deflect By Dylan Blujus.
4:37 of 3rd period - Stopped by Magnus Hellberg with a rebound.
5:01 of 3rd period - Vinni Lettieri is hit by Ethan Bear and loses puck.
5:10 of 3rd period - Snap shot by Emil Bemstrom.
5:10 of 3rd period - Stopped by Filip Gustavsson without a rebound.
5:11 of 3rd period - Nathan Walker wins face-off versus Rourke Chartier in Moose zone.
5:38 of 3rd period - Slapshot by Nikolay Goldobin.
5:38 of 3rd period - Stopped by Magnus Hellberg without a rebound.
5:39 of 3rd period - Chase De Leo wins face-off versus T.J. Tynan in Rampage zone.
5:40 of 3rd period - Wrist shot by Nikolay Goldobin.
5:40 of 3rd period - Stopped by Magnus Hellberg without a rebound.
5:41 of 3rd period - Chase De Leo wins face-off versus T.J. Tynan in Rampage zone.
5:47 of 3rd period - Snap shot by Vinni Lettieri.
5:47 of 3rd period - Stopped by Magnus Hellberg without a rebound.
5:48 of 3rd period - Tomas Jurco wins face-off versus Rourke Chartier in Rampage zone.
6:03 of 3rd period - Slapshot by Emil Bemstrom.
6:03 of 3rd period - Stopped by Filip Gustavsson without a rebound.
6:04 of 3rd period - T.J. Tynan wins face-off versus Michael McLeod in Moose zone.
6:05 of 3rd period - Slapshot by Joachim Blichfeld.
6:05 of 3rd period - Shot Blocked by Michael McLeod.
6:07 of 3rd period - Snap shot by T.J. Tynan.
6:07 of 3rd period - Stopped by Filip Gustavsson without a rebound.
6:08 of 3rd period - Michael McLeod wins face-off versus T.J. Tynan in Moose zone.
6:08 of 3rd period - Michael McLeod is hit by Joachim Blichfeld.
6:27 of 3rd period - Icing by T.J. Tynan.
6:28 of 3rd period - Dylan Strome wins face-off versus T.J. Tynan in Rampage zone.
6:37 of 3rd period - Wrist shot by T.J. Tynan.
6:37 of 3rd period - Shot Misses the Net.
6:59 of 3rd period - Snap shot by Joachim Blichfeld.
6:59 of 3rd period - Stopped by Filip Gustavsson with a rebound.
7:01 of 3rd period - Snap shot by Joachim Blichfeld.
7:01 of 3rd period - Stopped by Filip Gustavsson with a rebound.
7:27 of 3rd period - Emil Bemstrom is hit by Nikolay Goldobin and loses puck.
7:47 of 3rd period - Slapshot by Dylan Strome.
7:47 of 3rd period - Stopped by Magnus Hellberg with a rebound.
7:55 of 3rd period - Mirco Mueller is hit by Ethan Bear.
8:49 of 3rd period - Minor Penalty to Artturi Lehkonen for Interference.
8:50 of 3rd period - T.J. Tynan wins face-off versus Dylan Strome in Rampage zone.
9:17 of 3rd period - Wrist shot by Mathieu Joseph.
9:17 of 3rd period - Shot Blocked by Pierre Engvall.
9:29 of 3rd period - Wrist shot by Adam Clendening.
9:29 of 3rd period - Shot Blocked by Ludwig Bystrom.
9:31 of 3rd period - Snap shot by Dylan Blujus.
9:31 of 3rd period - Shot Blocked by Chase De Leo.
9:33 of 3rd period - Wrist shot by Dylan Blujus.
9:33 of 3rd period - Shot Misses the Net.
9:35 of 3rd period - Slapshot by Adam Clendening.
9:35 of 3rd period - Stopped by Filip Gustavsson without a rebound.
9:36 of 3rd period - T.J. Tynan wins face-off versus Dylan Strome in Moose zone.
9:47 of 3rd period - Tim Erixon is hit by Tomas Jurco and loses puck.
10:02 of 3rd period - Chase De Leo is hit by Tim Erixon and loses puck.
10:31 of 3rd period - Dylan Strome is hit by Christian Dvorak and loses puck.
10:49 of 3rd period - Penalty to Artturi Lehkonen is over, Artturi Lehkonen is back on ice.
11:04 of 3rd period - Wrist shot by Julien Gauthier.
11:04 of 3rd period - Shot Misses the Net.
12:08 of 3rd period - Mathieu Joseph is hit by Matt Roy and loses puck.
12:33 of 3rd period - Matt Roy is hit by Kyle Connor and loses puck.
12:46 of 3rd period - Dylan Blujus is hit by Roman Josi and loses puck.
13:12 of 3rd period - Mirco Mueller is hit by Dominik Simon and loses puck.
13:46 of 3rd period - Sami Niku is hit by Nikolay Goldobin and loses puck.
13:53 of 3rd period - Wrist shot by Nikolay Goldobin.
13:53 of 3rd period - Stopped by Magnus Hellberg with a rebound.
13:57 of 3rd period - Snap shot by Nikolay Goldobin.
13:57 of 3rd period - Stopped by Magnus Hellberg without a rebound.
13:58 of 3rd period - T.J. Tynan wins face-off versus Dylan Strome in Rampage zone.
14:09 of 3rd period - Joachim Blichfeld is hit by Dylan Strome and loses puck.
14:10 of 3rd period - Joachim Blichfeld from Rampage is injured at 14:10 of 3rd period (Back Spasms).
14:11 of 3rd period - Rourke Chartier wins face-off versus Dylan Strome in Rampage zone.
14:18 of 3rd period - Snap shot by Emil Bemstrom.
14:18 of 3rd period - Deflect By Rourke Chartier.
14:18 of 3rd period - Shot Misses the Net.
14:18 of 3rd period - Puck is out of play.
14:19 of 3rd period - Rourke Chartier wins face-off versus Dylan Strome in Moose zone.
15:34 of 3rd period - Icing by Ludwig Bystrom.
15:35 of 3rd period - Anthony Richard wins face-off versus Tomas Jurco in Moose zone.
16:43 of 3rd period - Snap shot by Tomas Jurco.
16:43 of 3rd period - Shot Misses the Net.
16:52 of 3rd period - Off-side.
16:53 of 3rd period - Rourke Chartier wins face-off versus Jake Leschyshyn in neutral zone.
17:00 of 3rd period - Wrist shot by Dominik Simon.
17:00 of 3rd period - Goal by Dominik Simon - Rampage : 4 - Moose : 2.
17:01 of 3rd period - Chase De Leo wins face-off versus Anthony Richard in neutral zone.
17:06 of 3rd period - Backhand shot by Mirco Mueller.
17:06 of 3rd period - Stopped by Magnus Hellberg with a rebound.
17:08 of 3rd period - Snap shot by Chase De Leo.
17:08 of 3rd period - Stopped by Magnus Hellberg without a rebound.
17:09 of 3rd period - Chase De Leo wins face-off versus Anthony Richard in Rampage zone.
17:19 of 3rd period - Wrist shot by Chase De Leo.
17:19 of 3rd period - Shot Blocked by Pierre Engvall.
17:19 of 3rd period - Pierre Engvall from Rampage is injured at 17:19 of 3rd period (Bruised Right Leg).
17:20 of 3rd period - Chase De Leo wins face-off versus Anthony Richard in Rampage zone.
17:21 of 3rd period - Slapshot by Nikolay Goldobin.
17:21 of 3rd period - Shot Misses the Net.
17:57 of 3rd period - Snap shot by Kyle Connor.
17:57 of 3rd period - Shot Misses the Net.
18:03 of 3rd period - Minor Penalty to Tim Erixon for Holding Stick.
18:04 of 3rd period - Dylan Strome wins face-off versus T.J. Tynan in Rampage zone.
18:15 of 3rd period - Slapshot by Nathan Walker.
18:15 of 3rd period - Shot Misses the Net.
18:29 of 3rd period - Ethan Bear is hit by Chase De Leo and loses puck.
18:36 of 3rd period - Snap shot by Chase De Leo.
18:36 of 3rd period - Stopped by Magnus Hellberg with a rebound.
Goals for this period are 1 for Rampage vs 1 for Moose.
Shots for this period are 12 for Rampage vs 14 for Moose.